 Dungeon Crawl Stone Soup version 0.27.0-1-g7a089689b8 (webtiles) character file.

Game seed: 5631498978317987465

613 pkoi the Carver (level 7, 0/59 HPs)
             Began as a Minotaur Gladiator on Aug 1, 2021.
             Succumbed to Dowan's poison
             ... on level 4 of the Dungeon.
             The game lasted 00:03:39 (4265 turns).

pkoi the Carver (Minotaur Gladiator)                Turns: 4265, Time: 00:03:39

Health: 0/59       AC:  5    Str: 20    XL:     7   Next: 20%
Magic:  6/6        EV: 13    Int:  5    God:
Gold:   196        SH:  0    Dex: 12    Spells: 6/6 levels left

rFire    . . .     SeeInvis .   a - +0 long sword
rCold    . . .     Faith    .   (no shield)
rNeg     . . .     Spirit   .   b - +0 leather armour
rPois    .         Reflect  .   c - +0 hat
rElec    .         Harm     .   (no cloak)
rCorr    .         Rampage  .   i - +0 pair of gloves
Will     .....                  g - +0 pair of boots
Stlth    +.........             (no amulet)
HPRegen  0.19/turn              (no ring)
MPRegen  0.10/turn              (no ring)

@: lethally poisoned (0 -> -12), lit by a corona, glowing
A: horns 2, retaliatory headbutt
a: no special abilities


You were on level 4 of the Dungeon.
You visited 1 branch of the dungeon, and saw 5 of its levels.

You collected 196 gold pieces.

Inventory:

Hand Weapons
 a - a +0 long sword (weapon)
Missiles
 d - 3 throwing nets (quivered)
 h - 15 poisoned darts
Armour
 b - a +0 leather armour (worn)
 c - a +0 hat (worn)
 g - a +0 pair of boots (worn)
 i - a +0 pair of gloves (worn)
Wands
 m - a wand of polymorph (9)
Scrolls
 f - 2 scrolls of identify
 l - a scroll of magic mapping {unknown}
 o - a scroll of immolation {unknown}
Potions
 e - 2 potions of curing
 j - a potion of berserk rage
 k - a potion of degeneration {unknown}
 n - a potion of brilliance {unknown}


   Skills:
 + Level 4.0 Fighting
 + Level 8.1 Long Blades
 - Level 2.0 Throwing
 + Level 3.0 Armour
 + Level 4.5 Dodging


You had 6 spell levels left.
You didn't know any spells.
Your spell library contained the following spells:

 Spells                   Type           Power      Damage    Failure   Level
 Shock                    Conj/Air       0%         1d3       52%         1
 Sting                    Tmut/Pois      0%         1d3       52%         1
 Poisonous Vapours        Pois/Air       0%         N/A       67%         2
 Static Discharge         Conj/Air       0%         N/A       67%         2
 Swiftness                Air            0%         N/A       88%         3
 Airstrike                Air            0%         N/A       99%         4
 Hailstorm                Conj/Ice       0%         3d3       99%         4
 Ice Form                 Ice/Tmut       0%         N/A       99%         4
 Olgreb's Toxic Radiance  Pois           0%         N/A       99%         4
 Lightning Bolt           Conj/Air       0%         1d11      100%        5
 Simulacrum               Ice/Necr       0%         N/A       100%        6
 Maxwell's Capacitive Co  Air            0%         ∞         100%        8


Dungeon Overview and Level Annotations

Branches:
Dungeon (5/15)
 Temple: D:4-7

Altars:
Gozag
Nemelex Xobeh

Shops:
D:2 (

Annotations:
D:3 Sigmund
D:4 Duvessa


Innate Abilities, Weirdness & Mutations

You have a pair of horns on your head.
You reflexively headbutt those who attack you in melee.


Message History

There is a stone staircase leading up here.
Dowan points at you and mumbles some strange words.
You are outlined in light.
Dowan mumbles some strange words.
Dowan blinks!
You hit Duvessa.
Duvessa is lightly wounded.
Duvessa hits you but does no damage.
You slash Duvessa!
Duvessa is moderately wounded.
Duvessa misses you.
You hit Dowan. You headbutt Dowan.
Dowan is moderately wounded.
Duvessa hits you with a +0 short sword!
Dowan hits you with a +1 dagger of venom.
You are poisoned.
You slash Dowan!
Dowan is almost dead.
You feel very sick. Duvessa hits you with a +0 short sword.
Dowan hits you with a +1 dagger of venom.
You are more poisoned.
You slash Dowan!
You kill Dowan!
Duvessa weeps, then rights herself and shakes her weapon.
Duvessa goes berserk!
You feel very sick. Duvessa hits you with a +0 short sword!
Your Fighting skill increases to level 4!
Your Armour skill increases to level 3!
You hit Duvessa.
Duvessa is moderately wounded.
* * * LOW HITPOINT WARNING * * *
You feel very sick. Duvessa hits you with a +0 short sword!
* * * LOW HITPOINT WARNING * * *
Duvessa closely misses you.
You hit Duvessa but do no damage.
Duvessa is moderately wounded.
You die...

##............#
#............<#
##.............#
#..#...........#
##.##...........##
#.####...........#
##.# #...........#
##.##
##.)e.......#
#..###
##.@......##
##.##.# ###.....##
#....## ###..##
##....# ####
#.....# ##....##
##.....# ##.....##
.... #......#
.....


You could see Duvessa (berserk).

Vanquished Creatures
  Grinder (D:3)
  A water moccasin (D:4)
  Dowan (D:4)
  An orc priest (D:3)
  Jessica (D:2)
  Terence (D:3)
  Robin (D:2)
  4 gnolls (D:4)
  5 adders
  2 worms
  2 dart slugs (D:2)
  3 orcs
  11 endoplasms
  2 giant cockroaches (D:1)
  18 goblins
  5 hobgoblins
  5 jackals (D:2)
  2 quokkas
  3 ball pythons
  3 bats
  6 frilled lizards
  2 kobolds
  4 rats
84 creatures vanquished.

Notes
Turn   | Place    | Note
-------+----------+-------------------------------------------
     0 | D:1      | pkoi the Minotaur Gladiator began the quest for the Orb.
     0 | D:1      | Reached XP level 1. HP: 18/18 MP: 0/0
   163 | D:1      | Reached skill level 4 in Long Blades
   391 | D:1      | Reached XP level 2. HP: 25/25 MP: 1/1
   696 | D:1      | Reached skill level 5 in Long Blades
  1164 | D:2      | Noticed Jessica
  1169 | D:2      | Killed Jessica
  1170 | D:2      | Reached XP level 3. HP: 30/30 MP: 2/2
  1388 | D:2      | Reached skill level 6 in Long Blades
  1388 | D:2      | Reached XP level 4. HP: 37/37 MP: 3/3
  1422 | D:2      | Noticed Robin
  1477 | D:2      | Killed Robin
  1949 | D:2      | Found Bosson's Antique Weapon Shop.
  2365 | D:2      | Reached skill level 7 in Long Blades
  2365 | D:2      | Reached XP level 5. HP: 42/42 MP: 4/4
  2629 | D:3      | Noticed Grinder
  2946 | D:3      | Found an opulent altar of Gozag.
  2963 | D:3      | Paralysed by Grinder for 3 turns
  2969 | D:3      | Killed Grinder
  2970 | D:3      | Reached XP level 6. HP: 20/51 MP: 5/5
  3206 | D:3      | Found a sparkling altar of Nemelex Xobeh.
  3312 | D:3      | Noticed Terence
  3319 | D:3      | Killed Terence
  3608 | D:3      | Noticed Sigmund
  3664 | D:4      | Noticed a water moccasin
  3674 | D:4      | Killed a water moccasin
  3675 | D:4      | Reached skill level 8 in Long Blades
  3675 | D:4      | Reached XP level 7. HP: 26/58 MP: 6/6
  3683 | D:5      | Entered Level 5 of the Dungeon
  4242 | D:4      | Noticed Duvessa
  4242 | D:4      | Noticed Dowan
  4263 | D:4      | Killed Dowan
  4264 | D:4      | HP: 2/59 [Duvessa (14)]
  4265 | D:4      | Succumbed to Dowan's poison

Illustrated notes

Levels and vault maps discovered:
D:1:      dpeg_arrival_radiant, layout_basic, st_stairs_12,
          wander_ebering_terrifying_dragon_lair
D:2:      layout_loops_ring, serial_shops, shop, grunt_ministairs_5,
          uniq_jessica, uniq_robin
D:3:      layout_basic, mainiacjoe_overflow_brackets,
          nicolae_gozag_seed_capital, minivault_24, uniq_terence, uniq_sigmund,
          uniq_grinder
D:4:      layout_cave_pods, minmay_temple_entry_offerings, uniq_duvessa
D:5:      layout_basic, tso_oasis_becter, tgw_trog,
          chequers_serial_rivers_micro_a, chequers_serial_rivers_micro_a

Skill      XL: |  1  2  3  4  5  6  7 |
---------------+----------------------+-----
Long Blades    | 4 5 6 7 8 |  8.1
Fighting       | 3 4 |  4.0
Armour         | 2 3 |  3.0
Dodging        | 4 |  4.5
Throwing       | |  2.0

Action                   |  1- 3 |  4- 6 |  7- 9 || total
-------------------------+-------+-------+-------++-------
Melee: Long sword        |    39 |   106 |    31 ||   176
       Headbutt          |     8 |    17 |     6 ||    31
  Use: Potion            |     2 |     2 |       ||     4
       Scroll            |     1 |     2 |       ||     3
 Stab: Sleeping          |       |     1 |       ||     1
Armor: Leather armour    |     2 |    18 |     5 ||    25
Dodge: Dodged            |    24 |    58 |    13 ||    95
       Rpst.: Long sword |     5 |    11 |     3 ||    19
